 Dungeon Crawl Stone Soup version 0.28.0-47-ge53b351184 (webtiles) character file.

Game seed: 11144568219167523269

262 Kenran the Ruffian (level 5, -5/64 HPs)
             Began as a Palentonga Fighter on Apr 26, 2022.
             Was an Initiate of Gozag.
             Splashed by a jelly's acid (8 damage)
             ... on level 4 of the Dungeon.
             The game lasted 00:05:19 (4034 turns).

Kenran the Ruffian (Palentonga Fighter)             Turns: 4034, Time: 00:05:21

Health: -5/64      AC: -4    Str: 26    XL:     5   Next: 97%
Magic:  5/5        EV:  7    Int:  8    God:    Gozag
Gold:   112        SH:  4    Dex: 11    Spells: 4/4 levels left

rFire   . . .      SeeInvis +     - Unarmed
rCold   . . .      Faith    .   b - +0 buckler
rNeg    . . .      Spirit   .   a - +0 scale mail
rPois   .          Reflect  .   (no helmet)
rElec   .          Harm     .   j - scarf {repulsion}
rCorr   .          Rampage  .   p - +0 pair of gloves
Will    .....                   (no barding)
Stlth   ..........              (no amulet)
HPRegen 0.20/turn               h - +6 ring of strength
MPRegen 0.09/turn               (no ring)

@: berserking, corroded, repel missiles, very quick
A: large, rugged brown scales 3, see invisible, deformed body, roll 1, armoured
tail
a: Rolling Charge, Renounce Religion, Potion Petition, Call Merchant, Bribe
Branch


You were on level 4 of the Dungeon.
You worshipped Gozag.
Gozag was aware of your devotion.
You visited 1 branch of the dungeon, and saw 4 of its levels.

You collected 146 gold pieces.
You paid 34 gold pieces to Gozag.

Inventory:

Missiles
 s - 2 throwing nets
Armour
 a - a +0 scale mail (worn)
 b - a +0 buckler (worn)
 j - a scarf of repulsion (worn)
 p - a +0 pair of gloves (worn)
Jewellery
 h - a +6 ring of strength (left hand)
Scrolls
 f - a scroll of enchant armour {unknown}
 g - 2 scrolls of identify {unknown}
 i - a scroll of amnesia {unknown}
 k - a scroll of teleportation {unknown}
 l - 2 scrolls of silence {unknown}
 m - a scroll of enchant weapon {unknown}
 q - a scroll of fog {unknown}
 r - a scroll of holy word {unknown}
Potions
 c - a potion of might
 d - a potion of berserk rage
 e - a potion of curing {unknown}
 n - a potion of heal wounds {unknown}
 o - a potion of attraction {unknown}


   Skills:
 - Level 3.0 Fighting
 - Level 2.4 Armour
 - Level 3.0 Shields
 + Level 5.9 Unarmed Combat


You had 4 spell levels left.
You didn't know any spells.
Your spell library contained the following spells:

 Spells                   Type           Power      Damage    Failure   Level
 Frozen Ramparts          Ice            0%         1d2       98%         3
 Ice Form                 Ice/Tmut       0%         N/A       100%        4
 Summon Ice Beast         Ice/Summ       0%         N/A       100%        4


Dungeon Overview and Level Annotations

Branches:
Dungeon (4/15)
 Temple: D:4-7

Altars:
Ashenzari
Dithmenos
Gozag
Hepliaklqana
Nemelex Xobeh


Innate Abilities, Weirdness & Mutations

You are completely covered in rugged brown scales. (AC +3, +7% HP)
You have supernaturally acute eyesight. (SInv)
Armour fits poorly on your strangely shaped body.
You can roll at nearby foes to attack.
You have a long armoured tail.


Message History

You block the quokka's attack.
You punch the quokka!
You kill the quokka!
No target in view!
No target in view!
You now have 84 gold pieces (gained 3).
You now have 94 gold pieces (gained 10).
You now have 100 gold pieces (gained 6).
Found a stone staircase leading down.
You now have 112 gold pieces (gained 12).
You see here a +0 dagger.
As you open the door, it creaks loudly!
There is an open door here.
Found 12 stones.
You see here 12 stones.
A jelly comes into view.
You hit the jelly. The acid corrodes you!
Your hands burn!
You tail-slap the jelly, but do no damage.
The jelly is lightly wounded.
The jelly closely misses you.
You barely miss the jelly.
The jelly is lightly wounded.
The jelly closely misses you.
You hit the jelly.
Your hands burn!
You tail-slap the jelly, but do no damage.
The jelly is lightly wounded.
The jelly hits you. The acid corrodes you!
You are splashed with acid.
You hit the jelly but do no damage. The acid corrodes you!
Your hands burn!
The jelly is lightly wounded.
The jelly hits you.
You are splashed with acid.
The jelly hits you.
You are splashed with acid!
* * * LOW HITPOINT WARNING * * *
You see here a +0 club.
It was a potion of berserk rage.
A red film seems to cover your vision as you go berserk!
You feel yourself moving faster!
You feel mighty! The jelly hits you.
* * * LOW HITPOINT WARNING * * *
You are splashed with acid!
You die...
Your body crumbles into a pile of gold.

..##...#####........<..######.###
..##...# #...................
..##...# #.........########.#
..###### #.........# ..#
#########.# ..# #######.....# ..#
#...........############ (.#
#.......J...'...........
..########......@....###########.
.....)...............###########.
..#########......................
..# #.........############# ..#
#.........# ..# #.........####
..#########............#
.........#####'#.......#
...........# #.#.......#


You could see a jelly.

Vanquished Creatures
  A bullfrog (D:3)
  A hound (D:4)
  An iguana (D:4)
  6 adders
  2 worms
  3 dart slugs (D:1)
  4 orcs (D:2)
  5 ball pythons
  8 bats
  3 endoplasms
  10 goblins
  5 hobgoblins
  6 jackals
  A quokka (D:4)
  A frilled lizard (D:1)
  A jackal skeleton (D:2)
  9 kobolds
  6 rats
73 creatures vanquished.

Vanquished Creatures (others)
  3 fungi (D:2)
  4 plants
7 creatures vanquished.

Grand Total: 80 creatures vanquished

Notes
Turn   | Place    | Note
-------+----------+-------------------------------------------
     0 | D:1      | Kenran the Palentonga Fighter began the quest for the Orb.
     0 | D:1      | Reached XP level 1. HP: 19/19 MP: 1/1
   184 | D:1      | Reached XP level 2. HP: 19/25 MP: 2/2
   405 | D:1      | Reached skill level 3 in Unarmed Combat
   593 | D:1      | Reached XP level 3. HP: 27/31 MP: 3/3
  1049 | D:2      | Reached skill level 4 in Unarmed Combat
  1290 | D:2      | Reached XP level 4. HP: 37/37 MP: 4/4
  1777 | D:2      | Found a faded altar of an unknown god.
  2176 | D:3      | Found a shadowy altar of Dithmenos.
  2427 | D:3      | Reached XP level 5. HP: 43/43 MP: 5/5
  2675 | D:3      | Reached skill level 5 in Unarmed Combat
  3152 | D:4      | Found an opulent altar of Gozag.
  3157 | D:4      | Found a hazy altar of Hepliaklqana.
  3175 | D:4      | Found a sparkling altar of Nemelex Xobeh.
  3194 | D:4      | Became a worshipper of Gozag Ym Sagoz the Greedy
  3324 | D:4      | Found a broken altar of Ashenzari.
  4034 | D:4      | HP: 3/64 [jelly (2)]
  4034 | D:4      | Splashed by a jelly's acid

Illustrated notes

Levels and vault maps discovered:
D:1:      dpeg_arrival_rooms_c, layout_basic, dk_noncrumbling_2,
          minmay_misc_feat_iff, chequers_serial_rivers_micro_a,
          grunt_decor_junction, minmay_nonomino_d4
D:2:      layout_loops_ring, dreamdust_ecumenical_altar_grove, wad_orctagon
D:3:      layout_loops_ring, grunt_dithmenos_smoke
D:4:      layout_basic, ashenzari_altar_1, gammafunk_temple_overflow_forgotten,
          small_statue_intersection

Skill      XL: |  1  2  3  4  5 |
---------------+----------------+-----
Unarmed Combat | 3 4 5 |  5.9
Shields        | 3 |  3.0
Fighting       | |  3.0
Armour         | |  2.4

Action                   |  1- 3 |  4- 6 || total
-------------------------+-------+-------++-------
Melee: Unarmed           |   101 |   151 ||   252
       Tailslap          |    13 |    17 ||    30
  Use: Potion            |       |     1 ||     1
Armor: Scale mail        |    55 |    36 ||    91
Dodge: Dodged            |    39 |    36 ||    75
Block: Buckler           |    29 |    22 ||    51
